Map: [EWC] Oceanborn

Players

Cure - Winner!

  • Race: Terran Terran
  • Spawn Location: 11:00

Classic

  • Race: Protoss Protoss
  • Spawn Location: 5:00

Event: Esports World Cup 2024

VOD

Have the link to the VOD?

Description

Time

  • Played on: Aug. 15, 2024, 9:47 a.m.
  • Length: 22:05

All games in this series

Show
View Real Time Build Order
Export as new Build Order

Cure Terran - Winner!

Build Orders:  

Get SALT Encoding   

  12  0:00  SCV  
  13  0:12  SCV  
  14  0:17  Supply Depot  
  14  0:24  SCV  
  15  0:39  Barracks  
  15  0:44  Refinery  
  16  0:56  Barracks  
  15  1:01  SCV  
  16  1:13  SCV  
  17  1:26  Barracks Tech Lab, Orbital Command  
  17  1:34  Supply Depot  
  17  1:43  Barracks Tech Lab  
  17  1:45  Marauder  
  19  1:52  SCV  
  20  2:02  Concussive Shells, Marauder  
  20  2:04  SCV  
  23  2:12  Marauder  
  25  2:16  SCV  
  26  2:23  Marauder  
  26  2:26  Supply Depot  
  28  2:34  Bunker  
  29  2:39  Marauder  
  30  2:44  SCV  
  31  2:54  Marauder  
  33  3:01  Marauder  
  33  3:04  SCV  
  36  3:06  Supply Depot  
  36  3:18  Marauder  
  38  3:23  SCV  
  37  3:30  Marauder  
  37  3:35  SCV  
  37  3:40  Marauder  
  38  3:48  SCV  
  38  3:51  Marine  
  38  3:56  Factory  
  38  3:58  Engineering Bay  
  38  4:01  SCV, Marine  
  32  4:11  Supply Depot, Marine, Refinery  
  33  4:17  Bunker  
  33  4:18  Marine  
  34  4:25  Missile Turret  
  34  4:27  Missile Turret  
  34  4:28  SCV  
  35  4:40  SCV  
  34  4:52  SCV  
  35  4:53  Starport, Widow Mine  
  37  5:06  Command Center  
  33  5:12  SCV  
  34  5:14  Cyclone  
  36  5:24  Barracks  
  36  5:25  SCV  
  37  5:31  Viking  
  39  5:37  SCV  
  40  5:47  Factory Tech Lab  
  40  6:01  Viking  
  42  6:07  Supply Depot  
  42  6:08  Supply Depot  
  42  6:16  Marine  
  42  6:17  Marine  
  42  6:18  Barracks Tech Lab  
  44  6:19  Orbital Command  
  44  6:22  Siege Tank  
  44  6:25  SCV  
  48  6:36  Marine, Barracks Reactor  
  48  6:37  SCV  
  50  6:41  Stimpack  
  50  6:45  Marine  
  51  6:50  Starport Reactor  
  51  6:53  SCV  
  52  7:00  Orbital Command  
  52  7:01  Siege Tank, Marine  
  54  7:06  SCV  
  56  7:15  Marine x3  
  56  7:17  Terran Infantry Weapons Level 1  
  56  7:18  SCV  
  56  7:20  Marine  
  61  7:26  SCV  
  62  7:31  SCV  
  62  7:34  Supply Depot  
  62  7:35  Refinery  
  63  7:38  SCV  
  63  7:39  Starport Reactor, Marine x2  
  63  7:43  SCV, Marine  
  68  7:50  SCV  
  69  7:51  Marine  
  69  7:52  Marine  
  69  7:55  SCV  
  69  7:57  Supply Depot, Marine  
  73  7:58  Marine  
  73  8:00  Siege Tank  
  73  8:02  SCV  
  78  8:07  SCV  
  78  8:08  Marine  
  78  8:09  Supply Depot, Marine  
  81  8:19  Supply Depot  
  81  8:20  Combat Shield  
  81  8:21  Missile Turret  
  81  8:23  Marine x3  
  84  8:27  Medivac  
  84  8:29  Medivac  
  86  8:35  SCV x2  
  86  8:38  Marine x2  
  86  8:41  Marine x2  
  92  8:47  SCV x2  
  94  8:53  Supply Depot  
  94  8:54  Marine  
  93  8:56  Marine x2  
  93  8:58  Marine  
  93  9:01  Medivac  
  101  9:07  Marine  
  101  9:08  SCV x2  
  104  9:12  Marine  
  100  9:19  Marine x3  
  100  9:22  Terran Infantry Armor Level 1  
  100  9:23  Factory Reactor  
  103  9:25  Marine  
  103  9:27  Medivac  
  103  9:29  Supply Depot, Marine  
  107  9:43  Command Center  
  107  9:49  Marine x3  
  107  9:50  Marauder  
  112  9:57  Medivac  
  111  10:09  Marine x4  
  111  10:10  Widow Mine x2  
  111  10:11  Marauder  
  117  10:19  Medivac  
  118  10:26  Barracks  
  118  10:27  Marine x3  
  119  10:28  Barracks  
  119  10:32  Marauder  
  121  10:36  Widow Mine x2  
  121  10:41  SCV  
  126  10:55  SCV, Marine x4, Marauder, Medivac  
  126  10:57  Orbital Command  
  135  11:14  Marine x4  
  135  11:15  Barracks Tech Lab  
  135  11:17  Marauder  
  131  11:19  Widow Mine x2  
  131  11:21  Marauder  
  133  11:25  Orbital Command  
  133  11:27  SCV x2  
  135  11:33  Marine  
  135  11:36  Marauder  
  135  11:38  Marauder  
  135  11:39  SCV  
  141  11:44  Supply Depot  
  141  11:57  Marine  
  141  11:58  Marauder  
  141  12:03  Marine  
  141  12:05  Marine x2, Viking  
  141  12:06  Marauder x2  
  144  12:15  Marine  
  144  12:18  SCV x2  
  144  12:19  Orbital Command, Marauder  
  144  12:21  Marine  
  128  12:23  Marine  
  128  12:27  Marauder x2  
  121  12:30  SCV  
  121  12:31  SCV  
  121  12:33  Marine  
  121  12:34  Marine  
  122  12:39  Marine  
  122  12:40  Marauder  
  122  12:41  Marine  
  122  12:42  Armory  
  126  12:48  Marauder x2, Viking  
  132  12:51  Marine  
  132  12:58  Marine  
  133  13:02  Marauder  
  135  13:06  Refinery  
  135  13:08  Medivac  
  135  13:11  Missile Turret  
  135  13:12  Supply Depot  
  137  13:18  Marauder x2  
  127  13:35  Marine x4  
  127  13:40  Viking x2  
  125  13:43  SCV x2, Ghost Academy  
  125  13:46  Terran Infantry Weapons Level 2  
  122  13:55  SCV  
  121  14:06  Marine x4, Marauder  
  121  14:07  Marauder x2, Widow Mine  
  121  14:08  Widow Mine  
  133  14:14  Supply Depot  
  133  14:30  Missile Turret  
  133  14:31  Orbital Command  
  132  14:36  Marine x2, Marauder x2  
  122  14:46  SCV  
  122  14:53  Ghost  
  122  14:54  Marine x4  
  122  14:57  Ghost x2  
  122  14:58  SCV  
  122  14:59  SCV  
  124  15:06  Viking x2  
  118  15:10  SCV, Widow Mine x2  
  118  15:12  Supply Depot x2  
  123  15:23  Marauder  
  123  15:25  Terran Ship Weapons Level 1  
  123  15:26  Ghost, Marauder  
  129  15:30  Missile Turret  
  129  15:31  Marine x4  
  129  15:34  Refinery  
  133  15:37  Refinery  
  133  15:43  Ghost, Refinery  
  133  15:46  Refinery  
  133  15:47  Ghost  
  135  15:54  Medivac  
  135  15:55  Marauder  
  139  16:02  Marine x2  
  139  16:03  Marine x2  
  136  16:10  SCV  
  136  16:11  SCV x2  
  139  16:12  Medivac  
  139  16:13  Marauder, Widow Mine  
  139  16:16  Marauder x2  
  149  16:21  Widow Mine  
  151  16:27  Marine x2  
  151  16:28  Marine x2  
  151  16:29  SCV x3  
  157  16:34  Marauder  
  157  16:35  Widow Mine  
  157  16:37  Marine, Marauder  
  158  16:45  Marine x3  
  158  16:46  Viking x2  
  160  16:48  Widow Mine  
  160  16:49  SCV  
  160  16:50  SCV x2  
  160  16:51  Supply Depot  
  164  16:55  Marauder, Terran Infantry Weapons Level 3  
  164  16:56  Widow Mine  
  164  16:59  Marauder  
  172  17:01  Marine  
  172  17:05  Supply Depot  
  165  17:25  Marine x4, Marauder x3  
  175  17:33  Widow Mine  
  175  17:34  Widow Mine  
  175  17:35  Supply Depot  
  178  17:40  SCV  
  178  17:42  SCV  
  180  17:47  Marauder  
  175  17:58  Marine x4  
  175  17:59  Marauder x2  
  175  18:04  Orbital Command  
  159  18:07  Marine  
  159  18:11  SCV x2  
  126  18:16  Marine x3  
  127  18:20  Marauder x2  
  127  18:23  SCV  
  127  18:24  SCV  
  127  18:26  Marauder  
  131  18:27  Widow Mine x2  
  131  18:31  SCV  
  131  18:33  Missile Turret  
  136  18:35  SCV  
  136  18:36  SCV  
  136  18:39  Medivac  
  140  18:44  SCV, Medivac  
  140  18:48  SCV x2  
  145  18:55  Terran Ship Weapons Level 2  
  145  18:56  SCV  
  145  19:01  Ghost  
  145  19:02  Ghost  
  150  19:09  Marine x4  
  151  19:13  SCV x2  
  152  19:18  SCV  
  153  19:25  SCV x2  
  155  19:41  Ghost  
  155  19:42  Marine x5  
  156  19:54  Medivac  
  156  19:56  SCV x2  
  156  19:57  SCV  
  157  20:05  Medivac  
  157  20:06  Marine x4, Marauder  
  164  20:31  Command Center  
  162  20:40  Viking  
  162  20:41  Widow Mine  
  162  20:42  Widow Mine  
  158  20:53  Marine x4, Marauder x3  
  163  20:57  Orbital Command  
  156  21:07  Viking  
  156  21:10  Viking  
  161  21:11  SCV x2  
  161  21:14  Marauder  
  161  21:16  Missile Turret  
  146  21:32  Marauder x2  
  142  21:34  Marine x3  
  142  21:35  Marine  
Show
View Real Time Build Order
Export as new Build Order

Classic Protoss 

Build Orders: 1 Gate Expand 

Get SALT Encoding   

  12  0:00  Probe  
  13  0:12  Probe  
  14  0:16  Pylon  
  14  0:24  Probe (Chrono Boost)  
  16  0:36  Gateway, Probe (Chrono Boost)  
  16  0:43  Probe (Chrono Boost)  
  16  0:45  Assimilator  
  17  0:51  Probe  
  18  1:03  Probe  
  19  1:15  Probe  
  20  1:23  Cybernetics Core  
  20  1:32  Nexus  
  20  1:45  Assimilator  
  20  1:46  Pylon  
  20  1:50  Probe  
  21  1:56  Stalker (Chrono Boost)  
  21  2:00  Warp Gate  
  23  2:06  Shield Battery  
  23  2:12  Probe  
  24  2:20  Stalker  
  26  2:25  Probe  
  27  2:37  Stargate  
  27  2:44  Probe, Pylon  
  27  2:50  Stalker  
  30  2:59  Probe  
  30  3:02  Gateway  
  31  3:26  Void Ray (Chrono Boost)  
  32  3:39  Nexus  
  30  3:49  Stalker  
  30  3:51  Probe  
  22  4:03  Probe  
  23  4:16  Probe  
  24  4:18  Sentry x2  
  28  4:28  Probe  
  33  4:51  Probe  
  33  5:05  Stalker x2  
  33  5:08  Pylon  
  33  5:11  Probe  
  34  5:15  Probe  
  35  5:25  Sentry  
  35  5:26  Stalker  
  35  5:27  Phoenix  
  39  5:31  Probe  
  39  5:33  Probe  
  41  5:43  Probe  
  41  5:45  Probe  
  43  5:51  Twilight Council  
  43  5:55  Probe  
  44  6:02  Probe (Chrono Boost)  
  46  6:13  Probe (Chrono Boost), Phoenix, Pylon  
  46  6:14  Probe (Chrono Boost)  
  47  6:19  Probe (Chrono Boost)  
  47  6:21  Probe (Chrono Boost)  
  47  6:24  Charge (Chrono Boost)  
  49  6:31  Stalker x2  
  53  6:35  Gateway  
  53  6:43  Gateway, Probe x2  
  55  6:53  Pylon  
  55  6:55  Probe x2  
  55  7:01  Zealot, Dark Shrine  
  59  7:05  Zealot  
  61  7:09  Pylon  
  61  7:17  Probe x2  
  63  7:23  Zealot  
  63  7:26  Pylon  
  63  7:29  Assimilator  
  65  7:31  Zealot x2  
  69  7:38  Pylon  
  69  7:39  Probe x2  
  69  7:43  Robotics Facility  
  71  7:55  Nexus  
  71  8:04  Blink  
  71  8:08  Zealot  
  71  8:09  Zealot  
  75  8:13  Dark Templar  
  75  8:14  Dark Templar  
  75  8:17  Probe  
  75  8:18  Probe  
  81  8:23  Forge  
  81  8:29  Probe  
  81  8:30  Probe  
  81  8:31  Pylon  
  81  8:36  Dark Templar  
  81  8:41  Stalker, Probe  
  84  8:42  Probe  
  84  8:46  Zealot  
  82  8:53  Probe (Chrono Boost)  
  81  8:58  Robotics Bay  
  81  8:59  Probe (Chrono Boost)  
  80  9:04  Probe (Chrono Boost)  
  80  9:09  Probe x2 (Chrono Boost)  
  82  9:13  Probe (Chrono Boost)  
  82  9:16  Probe (Chrono Boost)  
  85  9:17  Probe (Chrono Boost)  
  85  9:21  Probe x2 (Chrono Boost)  
  85  9:22  Probe (Chrono Boost)  
  86  9:26  Protoss Ground Weapons Level 1  
  86  9:30  Gateway  
  86  9:32  Probe x2  
  86  9:33  Gateway  
  86  9:34  Probe  
  86  9:35  Gateway  
  89  9:40  Gateway  
  89  9:45  Shield Battery  
  89  9:47  Stalker x2  
  89  9:49  Zealot  
  89  9:52  Zealot  
  87  10:11  Colossus (Chrono Boost)  
  82  10:18  Zealot x4  
  96  10:24  Zealot  
  96  10:26  Probe x3  
  101  10:32  Shield Battery  
  101  10:33  Pylon  
  101  10:38  Probe x3  
  101  10:41  Extended Thermal Lance  
  104  10:45  Zealot x3  
  108  10:51  Zealot x2  
  110  10:57  Zealot  
  110  11:00  Zealot x2  
  116  11:04  Observer (Chrono Boost)  
  116  11:07  Stalker x2  
  121  11:14  Zealot x3  
  109  11:19  Colossus (Chrono Boost)  
  115  11:26  Zealot x2  
  115  11:28  Protoss Ground Weapons Level 2 (Chrono Boost)  
  115  11:31  Pylon  
  119  11:33  Assimilator  
  119  11:46  Zealot x3  
  125  11:52  Zealot x4  
  132  11:59  Zealot  
  122  12:03  Pylon  
  122  12:06  Observer  
  109  12:17  Zealot x5  
  109  12:18  Zealot x2  
  103  12:24  Colossus (Chrono Boost)  
  95  12:33  Zealot  
  95  12:40  Nexus  
  95  12:42  Sentry, Pylon  
  95  12:43  Zealot x3  
  99  12:55  Dark Templar  
  99  12:56  Zealot x3  
  107  12:59  Probe x2  
  107  13:00  Probe  
  110  13:08  Stalker x2  
  110  13:10  Sentry  
  110  13:12  Pylon  
  117  13:15  Zealot  
  119  13:24  Dark Templar  
  119  13:26  Zealot x2  
  120  13:29  Zealot  
  112  13:34  Zealot x3  
  112  13:41  Pylon  
  114  13:42  Pylon  
  114  13:44  Protoss Ground Armor Level 1 (Chrono Boost)  
  114  13:50  Pylon  
  114  13:52  Probe x4  
  114  13:54  Pylon  
  116  13:57  Colossus  
  116  13:59  Robotics Facility  
  115  14:07  Stalker x2  
  115  14:09  Stalker  
  121  14:13  Stalker  
  123  14:17  Phoenix (Chrono Boost)  
  123  14:22  Probe x3  
  123  14:23  Probe  
  129  14:25  Shield Battery  
  129  14:31  Zealot x2  
  133  14:32  Zealot  
  133  14:35  Dark Templar  
  133  14:37  Zealot  
  131  14:41  Zealot x2  
  131  14:45  Probe x3  
  122  14:48  Dark Templar  
  118  14:55  Zealot x2  
  118  14:56  Zealot  
  118  14:58  Probe x2  
  117  15:02  Stalker  
  117  15:06  Stalker  
  117  15:10  Probe x3  
  120  15:15  Observer (Chrono Boost)  
  121  15:24  Probe x2  
  121  15:25  Probe x2  
  121  15:28  Warp Prism (Chrono Boost)  
  125  15:34  Zealot x3  
  133  15:36  Probe  
  133  15:37  Zealot  
  136  15:44  Zealot x2  
  140  15:54  Zealot  
  140  15:55  Zealot x3  
  147  16:01  Pylon  
  147  16:04  Observer (Chrono Boost)  
  147  16:09  Nexus  
  147  16:11  Robotics Facility  
  148  16:15  Protoss Ground Armor Level 2 (Chrono Boost)  
  148  16:17  Shield Battery, Forge  
  148  16:23  Observer  
  149  16:30  Probe x2  
  149  16:31  Probe  
  152  16:34  Dark Templar  
  150  16:43  Disruptor (Chrono Boost)  
  150  16:46  Zealot x6  
  158  16:52  Protoss Ground Weapons Level 3 (Chrono Boost)  
  158  16:53  Pylon  
  148  16:59  Disruptor (Chrono Boost), Gateway  
  152  17:13  Zealot x7  
  159  17:20  Disruptor (Chrono Boost)  
  157  17:24  Disruptor (Chrono Boost)  
  159  17:33  Zealot x4  
  159  17:34  Zealot x3  
  167  17:39  Pylon  
  167  17:43  Probe x3  
  167  17:44  Probe x2  
  172  17:50  Disruptor (Chrono Boost)  
  176  17:55  Probe  
  165  18:02  Stalker x3  
  145  18:07  Zealot x4  
  145  18:08  Zealot  
  128  18:12  Disruptor (Chrono Boost)  
  111  18:29  Assimilator  
  111  18:32  Zealot x6  
  123  18:36  Disruptor (Chrono Boost)  
  127  18:41  Warp Prism (Chrono Boost)  
  129  19:01  Nexus  
  129  19:02  Pylon  
  125  19:10  Disruptor  
  125  19:15  Dark Templar  
  125  19:16  Zealot x4  
  135  19:26  Stalker  
  135  19:42  Zealot x6  
  133  19:50  Zealot x2  
  123  19:57  Disruptor x2 (Chrono Boost)  
  121  20:09  Zealot x6  
  132  20:20  Pylon  
  131  20:30  Probe x4  
  133  20:35  Zealot x2  
  133  20:36  Zealot x2  
  133  20:41  Colossus (Chrono Boost)  
  131  21:06  Zealot x5, Colossus (Chrono Boost)  
  131  21:07  Zealot x3  
  141  21:30  Zealot x2  
  141  21:31  Zealot x5  
  133  21:34  Zealot  
Tags
 
Add a new tag
Caveats
  • Supply blocks, unpowered buildings, or Contaminate may cause inaccurate times.
  • Supply counts are checked every 10 seconds.